 Dungeon Sprint DCSS version 0.23.1 (webtiles) character file.

Game seed: 3131203275939703508

527927 nuthulu the Conqueror (level 21, 163/163 HPs)
             Began as a Gargoyle Fighter on Mar 13, 2019.
             Was the Champion of Makhleb.
             Escaped with the Orb!
             The game lasted 00:17:19 (1893 turns).

nuthulu the Conqueror (Gargoyle Fighter)            Turns: 1893, Time: 00:17:20

Health: 163/163    AC: 74    Str: 28    XL:     21   Next: 5%
Magic:  36/36      EV: 16    Int: 11    God:    Makhleb [******]
Gold:   0          SH: 37    Dex: 11    Spells: 42/42 levels left

rFire    + + +     SeeInvis .   w - +7 Singing Sword {slice, sonic wave}
rCold    + . .     Gourm    .   y - +18 shield of the Gong {rElec rN+ MR+ EV-5}
rNeg     + + .     Faith    .   x - +15 Maxwell's patent armour {-Cast -Tele rElec MR+ rCorr}
rPois    ∞         Spirit   .   (no helmet)
rElec    +         Reflect  .   W - +2 cloak {+Inv}
rCorr    +         Harm     .   L - +2 pair of gloves {Dex+3}
MR       ++++.     NoTele   +   m - +3 pair of boots "Typsewkuofy" {rC+} Stlth +.........NoCast +
                                S - amulet "Ecvocoteqe" {rElec rF+++ Regen+ Str+4 Dex-5}
HPRegen  0.77/turn              V - ring of Robustness {AC+8}
MPRegen  0.25/turn              U - +6 ring of slaying

@: flying, very slightly contaminated, studying Earth Magic
A: big wings, magic resistance 1, negative energy resistance 1, electricity
resistance, unbreathing, petrification resistance, rot immunity, AC +16
0: Orb of Zot
a: Stop Flying, Minor Destruction, Lesser Servant of Makhleb, Major Destruction,
Greater Servant of Makhleb, Renounce Religion, Evoke Invisibility


You escaped.
You worshipped Makhleb.
Makhleb was exalted by your worship.
You were not hungry.

You visited 1 branch

Inventory:

Hand Weapons
 a - a +0 long sword
 w - the +7 Singing Sword (weapon) {slice, sonic wave}
   (You found it in the Dungeon)

   It inflicts extra damage upon your enemies.
Armour
 b - a +0 scale mail
 c - a +0 shield
 m - the +3 pair of boots "Typsewkuofy" (worn) {rC+}
   (You found it in the Dungeon)

   It protects you from cold.
 x - the +15 Maxwell's patent armour (worn) {-Cast -Tele rElec MR+ rCorr}
   (You found it in the Dungeon)

   It insulates you from electricity.
   It affects your resistance to hostile enchantments.
   It prevents spellcasting.
   It prevents most forms of teleportation.
   It provides partial protection from all sources of acid and corrosion.
 y - the +18 shield of the Gong (worn) {rElec rN+ MR+ EV-5}
   (You found it in the Dungeon)

   It affects your evasion (-5).
   It insulates you from electricity.
   It protects you from negative energy.
   It affects your resistance to hostile enchantments.
 L - a +2 pair of gloves of dexterity (worn)
 W - a +2 cloak of invisibility (worn)
Jewellery
 o - a +2 amulet of reflection
 z - a +6 ring of dexterity
 A - a +6 ring of dexterity
 B - a +6 ring of intelligence
 C - a +6 ring of intelligence
 D - a +6 ring of strength
 E - a +6 ring of strength
 J - the ring "Opoutom" {Fire MR++ SInv}
   (You found it in the Dungeon)

   [ring of fire]

   It enhances your fire magic.
   It protects you from fire.
   It makes you vulnerable to cold.
   It affects your resistance to hostile enchantments.
   It lets you see invisible.
 K - an uncursed ring of stealth
 N - a +4 ring of slaying
 O - the macabre finger necklace {rN+}
   (You found it in the Dungeon)

   [amulet of nothing]

   It protects you from negative energy.
 P - an uncursed ring of stealth
 Q - the ring "Araycrejiy" {rCorr +Blink Int+5}
   (You found it in the Dungeon)

   [ring of resist corrosion]

   It affects your intelligence (+5).
   It lets you blink.
 S - the amulet "Ecvocoteqe" (around neck) {rElec rF+++ Regen+ Str+4 Dex-5}
   (You found it in the Dungeon)

   [amulet of regeneration]

   It affects your strength (+4).
   It affects your dexterity (-5).
   It renders you almost immune to fire.
   It insulates you from electricity.
   It increases your rate of regeneration.
 U - a +6 ring of slaying (right hand)
 V - the ring of Robustness (left hand) {AC+8}
   (You found it in the Dungeon)

   [ring of protection]

   It affects your AC (+8).
 X - an uncursed ring of positive energy
Wands
 F - a wand of disintegration (7)
 G - a wand of iceblast (7)
 H - a wand of acid (7)
Scrolls
 k - 4 scrolls of blinking
 q - 4 scrolls of amnesia
 r - 7 scrolls of fog
 s - a scroll of holy word
 t - 5 scrolls of identify
 u - 5 scrolls of remove curse
 v - 2 scrolls of fear
 R - 3 scrolls of enchant armour
Potions
 d - 6 potions of might
 e - 10 potions of curing
 g - 18 potions of heal wounds
 h - 20 potions of haste
 i - 7 potions of magic
 j - 2 potions of berserk rage
 l - 2 potions of brilliance
 n - 2 potions of resistance
 p - 5 potions of agility
Books
 I - a manual of Earth Magic
 T - a manual of Fighting
Comestibles
 f - 7 rations


   Skills:
 O Level 27 Fighting
 O Level 27 Long Blades
 + Level 13.4 Throwing
 O Level 27 Armour
 O Level 27 Dodging
 + Level 17.2 Stealth
 O Level 27 Shields
 + Level 12.3 Unarmed Combat
 + Level 11.4 Spellcasting
 + Level 23.8 Invocations
 + Level 16.1 Evocations


You had 42 spell levels left.
You didn't know any spells.
Your spell library was empty.

Dungeon Overview and Level Annotations

Branches:
Dungeon (1/1)

Altars:
Ashenzari
Cheibriados
Dithmenos
Elyvilon
Fedhas
Gozag
Hepliaklqana
Kikubaaqudgha
Makhleb
Nemelex Xobeh
Okawaru
Qazlal
Ru
Sif Muna
Trog
Uskayaw
Vehumet
Wu Jian
Xom
Yredelemnul
Zin
The Shining One
Beogh
Jiyva
Lugonu


Innate Abilities, Weirdness & Mutations

You are resistant to torment.
Your stone body is resilient. (AC +16)
You are immune to poison.
Your large and strong wings let you fly indefinitely.
You resist negative energy. (rN+)
You are resistant to electric shocks. (rElec)
You can survive without breathing.
You are immune to petrification.
You are immune to rotting.
You are resistant to hostile enchantments. (MR+)


Message History

Found the Orb of Zot.
Found a staircase leading out of the dungeon.
You see here the Orb of Zot.
You pick up the Orb of Zot!
The Orb lets out a hideous shriek!
The lords of Pandemonium are not amused.
Beware!
Now all you have to do is get back out of the dungeon!
There is a staircase leading out of the dungeon here.
There is a staircase leading out of the dungeon here.
There is a staircase leading out of the dungeon here.
There is a staircase leading out of the dungeon here.
There is a staircase leading out of the dungeon here.
There is a staircase leading out of the dungeon here.
There is a staircase leading out of the dungeon here.
There is a transporter landing site here.
You can't go down here!
There is a staircase leading out of the dungeon here.
You can't go down here!
Unknown command.
Unknown command.
You have escaped!

............▓.......).....▓...8©8
............▓..▓.......▓..▓..[.:|
............▓.......).....▓...}::
............▓.............▓..=...
............▓......©......▓....†.
............▓▓▓▓▓▓▓▓▓▓▓▓▓▓▓...†..
............▓8888888888888▓...†..
▓.......▓...▓8...........8▓..▓.†.
............▓8..@.....©..8▓......
............▓8...........8▓....©.
....©.......▓8888888888888▓▓▓▓▓▓▓
▓▓▓▓▓▓▓▓▓▓▓▓▓▓▓▓▓▓▓▓▓▓▓▓▓▓▓▓▓▓▓▓▓
.....8©8........▓........8©8.....
|).).)})))|}|...▓.||}:?:[}|)})}[[
))[).||[)|:)..|.▓.[}|)"}.)|||=:):
:))::)))}|))}|).▓.?)=:?}=)[[:?|)|
......).........▓.......):=?[....


There were no monsters in sight!

Vanquished Creatures
  A Killer Klown (D)
  A curse toe (D)
  2 golden dragons (D)
  2 liches (D)
  3 tentacled monstrosities (D)
  4 pandemonium lords (D)
  5 deep elf blademasters (D)
  15 Orb Guardians (D)
  8 acid blobs (D)
  3 deep elf master archers (D)
  10 quicksilver dragons (D)
  A death cob (D)
  A thorn hunter (D)
  4 krakens (D)
  A storm dragon (shapeshifter) (D)
  4 shadow dragons (D)
  A storm dragon (D)
  4 fire giants (D)
  10 azure jellies (D)
  12 iron dragons (D)
  2 draconian knights (D)
  5 deep elf sorcerers (D)
  2 ghost moths (D)
  A ghoul (D)
  An ophan (D)
  3 draconian annihilators (D)
  3 angels (D)
  4 green draconians (D)
  2 very ugly things (D)
  14 stone giants (D)
  7 white draconians (D)
  9 black draconians (D)
  5 deep elf annihilators (D)
  2 dire elephants (D)
  5 yellow draconians (D)
  9 red draconians (D)
  7 purple draconians (D)
  5 merfolk javelineers (D)
  A green death (D)
  5 crystal guardians (D)
  9 merfolk impalers (D)
  3 fire dragons (D)
  4 mummy priests (D)
  11 death oozes (D)
  2 deep elf high priests (D)
  6 great orbs of eyes (D)
  3 spriggan air magi (D)
  4 merfolk aquamancers (D)
  A shambling mangrove (D)
  9 vault guards (D)
  6 dancing weapons (D)
  A satyr (D)
  4 spriggan berserkers (D)
  4 hell hogs (D)
  2 vampire magi (D)
  A deep elf knight (D)
  A sun demon (D)
  5 iron golems (D)
  A sixfirhy (D)
  2 death drakes (shapeshifter) (D)
  A spriggan druid (D)
  A flayed ghost (D)
  2 sea snakes (D)
  2 glowing orange brains (D)
  A gelid demonspawn (D)
  A phantasmal warrior (D)
  3 necromancers (D)
  A harpy (D)
  A lindwurm (shapeshifter) (D)
  A wolf spider (shapeshifter) (D)
  2 mana vipers (shapeshifter) (D)
  3 cyclopes (D)
  10 deep elf magi (D)
  2 ugly things (D)
  3 draconians (D)
  A moth of wrath (shapeshifter) (D)
  3 manticores (D)
  A moth of wrath (D)
  5 shining eyes (D)
  2 elephants (shapeshifter) (D)
  3 merfolk sirens (D)
  2 gargoyles (D)
  6 eyes of devastation (D)
  A hellion (D)
  2 rime drakes (D)
  2 efreet (D)
  2 yaktaurs (D)
  3 ice devils (D)
  4 guardian mummies (D)
  4 red devils (D)
  2 tormentors (D)
  A wind drake (D)
  2 jumping spiders (D)
  A hornet (shapeshifter) (D)
  5 merfolk (D)
  A wind drake (shapeshifter) (D)
  A hornet (D)
  30 slime creatures (D)
  2 snapping turtles (D)
  3 spriggans (D)
  A tarantella (D)
  An air elemental (D)
  2 flying skulls (D)
  A ynoxinul (D)
  A redback (shapeshifter) (D)
  A shadow (D)
  5 wraiths (D)
  2 water elementals (D)
  2 ushabtiu (D)
  4 golden eyes (D)
  2 fire elementals (D)
  A hog (shapeshifter) (D)
  3 chaos spawn (D)
  2 neqoxecs (D)
  A golden eye (shapeshifter) (D)
  2 water moccasins (D)
  6 floating eyes (D)
  3 hell hounds (D)
  3 ice beasts (D)
  A floating eye (shapeshifter) (D)
  2 orc warriors (D)
  A black bear (D)
  An ogre (shapeshifter) (D)
  2 necrophages (D)
  An eye of draining (D)
  A wolf (D)
  11 earth elementals (D)
  3 scorpions (D)
  5 wights (D)
  A crimson imp (D)
  A quasit (D)
  4 jellies (D)
  2 orc priests (D)
  2 orc wizards (D)
  11 mummies (D)
  2 adders (D)
  3 shadow imps (D)
  2 white imps (D)
  An ufetubus (D)
  3 adder skeletons (D)
  3 adder zombies (D)
  An orc (D)
  5 bat skeletons (D)
  3 bat zombies (D)
  A bat simulacrum (D)
  2 giant cockroach zombies (D)
  2 jackal skeletons (D)
  A jackal zombie (D)
  A leopard gecko simulacrum (D)
  3 leopard gecko skeletons (D)
  A quokka simulacrum (D)
  10 briar patches (D)
  A butterfly (D)
  4 crawling corpses (D)
  2 fire vortices (D)
  7 tentacles (D)
536 creatures vanquished.

Vanquished Creatures (others)
  A fire giant (D)
  A bat skeleton (D)
  24 tentacles (D)
26 creatures vanquished.

Grand Total: 562 creatures vanquished

Notes
Turn   | Place    | Note
-------+----------+-------------------------------------------
     0 | D        | Found the +6 Majin-Bo {vamp, Archmagi MP+6 Int+6}
     0 | D        | Found the +7 great mace "Firestarter" {inner flame, rF++}
     0 | D        | nuthulu the Gargoyle Fighter began the quest for the Orb.
     0 | D        | Reached XP level 1. HP: 14/14 MP: 1/1
     0 | D        | Found a deep blue altar of Sif Muna.
     0 | D        | Found a bloodstained altar of Trog.
     0 | D        | Found a sacrificial altar of Ru.
     0 | D        | Found a stormy altar of Qazlal.
     0 | D        | Found an iron altar of Okawaru.
     1 | D        | Found a sparkling altar of Nemelex Xobeh.
     1 | D        | Found a blossoming altar of Fedhas.
     3 | D        | Found an ancient bone altar of Kikubaaqudgha.
     3 | D        | Found a transporter.
     3 | D        | Found a corrupted altar of Lugonu.
     3 | D        | Found a viscous altar of Jiyva.
     3 | D        | Found a burning altar of Makhleb.
     3 | D        | Found a hazy altar of Hepliaklqana.
     3 | D        | Found an opulent altar of Gozag.
    14 | D        | Found the +6 shillelagh "Devastator" {shatter}
    14 | D        | Found the +11 plutonium sword {*Contam Stlth-}
    14 | D        | Found the +8 lance "Wyrmbane" {slay drac, rPois rF+ rC+
                  | AC+3}
    14 | D        | Found the +9 sword of Zonguldrok {reap}
    14 | D        | Found the cursed +13 scythe of Curses {drain, *Curse}
    14 | D        | Found the +0 sword of Power
    14 | D        | Found the +7 mace of Variability {chain chaos}
    14 | D        | Found the +7 Singing Sword {slice, sonic wave}
    14 | D        | Found the +7 longbow "Piercer" {penet, EV-2}
    17 | D        | Found the +9 heavy crossbow "Sniper" {velocity, Acc+∞ SInv}
    17 | D        | Found the +10 dark maul {crush}
    17 | D        | Found the +15 Maxwell's patent armour {-Cast -Tele rElec
                  | MR+ rCorr}
    17 | D        | Found the +18 shield of the Gong {rElec rN+ MR+ EV-5}
    17 | D        | Found the cursed +14 obsidian axe {chop, +Fly SInv *Curse}
    61 | D        | Became a worshipper of Makhleb the Destroyer
    62 | D        | Reached XP level 2. HP: 26/26 MP: 2/2
    69 | D        | Entered arena 2.
    69 | D        | Found a transporter.
    85 | D        | Entered arena 3.
    85 | D        | Noticed an air elemental
    85 | D        | Noticed a deep elf mage
    85 | D        | Noticed a deep elf mage
    85 | D        | Found a transporter.
    86 | D        | Identified the +8 great sword "Vitif" {drain, *Drain Dex+5}
    88 | D        | Killed a deep elf mage
    88 | D        | Reached * piety under Makhleb
    88 | D        | Reached skill level 10 in Fighting
    88 | D        | Reached skill level 5 in Long Blades
    88 | D        | Reached skill level 5 in Armour
    88 | D        | Reached skill level 5 in Shields
    88 | D        | Reached XP level 3. HP: 20/32 MP: 3/3
    88 | D        | Reached XP level 4. HP: 23/37 MP: 4/4
    88 | D        | Reached XP level 5. HP: 26/42 MP: 5/5
    88 | D        | Killed an air elemental
    88 | D        | Reached XP level 6. HP: 29/48 MP: 6/6
    93 | D        | Killed a deep elf mage
    93 | D        | Reached ** piety under Makhleb
    93 | D        | Reached XP level 7. HP: 53/54 MP: 7/7
   205 | D        | Entered arena 4.
   205 | D        | Noticed a spriggan
   205 | D        | Noticed a spriggan
   205 | D        | Found a transporter.
   217 | D        | Killed a spriggan
   217 | D        | Reached XP level 8. HP: 60/60 MP: 8/8
   220 | D        | Killed a spriggan
   220 | D        | Reached *** piety under Makhleb
   264 | D        | Entered arena 5.
   264 | D        | Found a transporter.
   268 | D        | Reached skill level 10 in Long Blades
   268 | D        | Reached **** piety under Makhleb
   275 | D        | Entered arena 6.
   275 | D        | Noticed a slime creature
   275 | D        | Found a transporter.
   276 | D        | Paralysed by a floating eye for 4 turns
   282 | D        | Paralysed by a floating eye for 3 turns
   287 | D        | Paralysed by a floating eye for 2 turns
   297 | D        | Killed a slime creature
   297 | D        | Reached XP level 9. HP: 66/66 MP: 1/9
   303 | D        | Reached ***** piety under Makhleb
   371 | D        | Got the ring "Opoutom" {Fire MR++ SInv}
   377 | D        | Entered arena 7.
   377 | D        | Noticed a jumping spider
   377 | D        | Noticed a jumping spider
   378 | D        | Found a transporter.
   383 | D        | Reached skill level 1 in Invocations
   384 | D        | Killed a jumping spider
   384 | D        | Reached skill level 10 in Armour
   384 | D        | Reached skill level 10 in Shields
   401 | D        | Killed a jumping spider
   418 | D        | Entered arena 8.
   418 | D        | Noticed a black draconian
   418 | D        | Noticed a draconian
   418 | D        | Noticed a black draconian
   418 | D        | Noticed a draconian
   418 | D        | Noticed a white draconian
   418 | D        | Noticed a draconian
   419 | D        | Found a transporter.
   429 | D        | Killed a draconian
   429 | D        | Reached skill level 5 in Invocations
   430 | D        | Killed a draconian
   430 | D        | Reached XP level 10. HP: 73/73 MP: 12/14
   434 | D        | Killed a white draconian
   435 | D        | Killed a draconian
   438 | D        | Killed a black draconian
   438 | D        | Reached ****** piety under Makhleb
   445 | D        | Killed a black draconian
   445 | D        | Reached XP level 11. HP: 79/79 MP: 13/18
   447 | D        | Got the amulet of the Circus Animal {Inacc MR++}
   549 | D        | Entered arena 9.
   550 | D        | Found a transporter.
   556 | D        | Reached skill level 10 in Invocations
   606 | D        | Entered arena 10.
   607 | D        | Found a transporter.
   704 | D        | Entered arena 11.
   704 | D        | Noticed Iciw the pandemonium lord
   705 | D        | Found the ring of Phasing {EV+8}
   705 | D        | Found the macabre finger necklace {rN+}
   705 | D        | Found a transporter.
   728 | D        | Killed Iciw the pandemonium lord
   768 | D        | Got the ring "Araycrejiy" {rCorr +Blink Int+5}
   771 | D        | Entered arena 12.
   771 | D        | Noticed a green very ugly thing
   771 | D        | Noticed a white ugly thing
   771 | D        | Noticed a white very ugly thing
   772 | D        | Noticed a faun
   772 | D        | Noticed a cyclops
   772 | D        | a merfolk changed into a cyclops
   773 | D        | Found a transporter.
   773 | D        | a cyclops changed into a floating eye
   776 | D        | Noticed a lindwurm
   776 | D        | a faun changed into a lindwurm
   776 | D        | Gained mutation: You are resistant to hostile enchantments.
                  | (MR+) [a neqoxec]
   778 | D        | Noticed an alligator
   779 | D        | an alligator changed into something unseen
   781 | D        | Noticed a death drake
   781 | D        | an elephant changed into a death drake
   782 | D        | Killed a green very ugly thing
   782 | D        | Noticed a swamp dragon
   782 | D        | a lindwurm changed into a swamp dragon
   783 | D        | a swamp dragon changed into a water nymph
   784 | D        | Killed a brown ugly thing
   784 | D        | Noticed a mana viper
   784 | D        | a water nymph changed into a mana viper
   784 | D        | a death drake changed into an eye of devastation
   784 | D        | Noticed a storm dragon
   787 | D        | Noticed a glowing shapeshifter
   787 | D        | an eye of devastation changed into a glowing shapeshifter
   788 | D        | Killed a mana viper
   788 | D        | Reached skill level 15 in Fighting
   788 | D        | Killed a white very ugly thing
   788 | D        | Reached skill level 15 in Long Blades
   788 | D        | Reached XP level 12. HP: 87/87 MP: 1/21
   793 | D        | Noticed a two-headed ogre
   793 | D        | a glowing shapeshifter changed into a two-headed ogre
   795 | D        | a two-headed ogre changed into an elephant
   796 | D        | Killed a storm dragon
   813 | D        | Entered arena 13.
   815 | D        | Found a transporter.
   832 | D        | Got the amulet "Ecvocoteqe" {rElec rF+++ Regen+ Str+4
                  | Dex-5}
   911 | D        | Entered arena 14.
   912 | D        | Noticed Dexkefy the pandemonium lord
   912 | D        | Noticed a sun demon
   912 | D        | Noticed Ojiuvvy the pandemonium lord
   912 | D        | Noticed Vemmoby the pandemonium lord
   912 | D        | Noticed a green death
   930 | D        | Noticed a Brimstone Fiend
   930 | D        | Killed a green death
   930 | D        | Killed Ojiuvvy the pandemonium lord
   930 | D        | Reached skill level 15 in Armour
   930 | D        | Reached skill level 15 in Shields
   930 | D        | Reached XP level 13. HP: 95/95 MP: 0/23
   940 | D        | HP: 3/95 [Dexkefy the pandemonium lord/bolt of cold (57)]
   944 | D        | Noticed a Tzitzimitl
   956 | D        | Killed Dexkefy the pandemonium lord
   958 | D        | Reached skill level 15 in Invocations
   961 | D        | Killed Vemmoby the pandemonium lord
   961 | D        | Gained mutation: Your large and strong wings let you fly
                  | indefinitely. [Gargoyle growth]
   961 | D        | Reached XP level 14. HP: 92/104 MP: 0/26
   965 | D        | Found a transporter.
   972 | D        | Got the +3 pair of boots "Typsewkuofy" {rC+}
  1077 | D        | Entered arena 15.
  1078 | D        | Noticed an angel
  1078 | D        | Noticed an ophan
  1078 | D        | Noticed an angel
  1078 | D        | Noticed an angel
  1080 | D        | Found a transporter.
  1093 | D        | Killed an ophan
  1101 | D        | Killed an angel
  1102 | D        | Killed an angel
  1104 | D        | Killed an angel
  1143 | D        | Entered arena 16.
  1144 | D        | Noticed a dire elephant
  1145 | D        | Identified the +10 morningstar "Ishogom" {crush, *Noise
                  | *Corrode rC+ Str+4 Dex+9}
  1145 | D        | Identified the +7 hand crossbow "Ymaf" {penet, MP+9}
  1145 | D        | Noticed a thorn hunter
  1145 | D        | Noticed a dire elephant
  1146 | D        | Found a transporter.
  1154 | D        | Killed a dire elephant
  1155 | D        | Killed a dire elephant
  1158 | D        | Killed a thorn hunter
  1188 | D        | Entered arena 17.
  1196 | D        | Noticed a stone giant
  1198 | D        | Identified the ring "Leopliz" {rC+ Int+3 Slay+2}
  1199 | D        | Noticed a shadow dragon
  1199 | D        | Noticed a shadow dragon
  1199 | D        | Noticed a lich
  1200 | D        | Identified the +6 shortbow of Arrival {venom, Int+9 Stlth+}
  1205 | D        | Killed a stone giant
  1206 | D        | Killed a lich
  1206 | D        | Reached XP level 15. HP: 114/114 MP: 28/28
  1209 | D        | Killed a shadow dragon
  1211 | D        | Killed a shadow dragon
  1212 | D        | Found a transporter.
  1232 | D        | Entered arena 18.
  1236 | D        | Noticed a fire giant
  1236 | D        | Noticed a fire giant
  1236 | D        | Noticed a fire giant
  1236 | D        | Noticed a fire giant
  1237 | D        | Noticed a fire giant
  1238 | D        | Found a transporter.
  1247 | D        | Killed a fire giant
  1252 | D        | Killed a fire giant
  1253 | D        | Killed a fire giant
  1254 | D        | Killed a fire giant
  1257 | D        | Killed a fire giant
  1269 | D        | Entered arena 19.
  1273 | D        | Noticed a ghoul
  1274 | D        | Identified the +3 mace of Taywy {crush, rC+ Str+5}
  1276 | D        | Found the +3 Elemental Staff {rElec rF++ rC++ MR++ AC+5}
  1285 | D        | Killed a ghoul
  1290 | D        | Found a transporter.
  1302 | D        | Entered arena 20.
  1308 | D        | Identified the +4 lajatang of Gofiy {drain, +Rage rC- MR+++
                  | SInv}
  1308 | D        | Noticed a yellow draconian knight
  1309 | D        | Found a transporter.
  1320 | D        | Killed a yellow draconian knight
  1323 | D        | Reached XP level 16. HP: 127/127 MP: 30/30
  1337 | D        | Entered arena 21.
  1345 | D        | Identified the +6 chain mail "Beut" {rF+ Str-2 SInv Stlth+}
  1346 | D        | Found the ring of Robustness {AC+8}
  1348 | D        | Found a transporter.
  1430 | D        | Entered arena 22.
  1435 | D        | Noticed an azure jelly
  1436 | D        | Noticed an azure jelly
  1436 | D        | Noticed an azure jelly
  1437 | D        | Noticed an azure jelly
  1437 | D        | Paralysed by a floating eye for 3 turns
  1439 | D        | Noticed an acid blob
  1443 | D        | Killed an azure jelly
  1444 | D        | Killed an azure jelly
  1444 | D        | Noticed an azure jelly
  1447 | D        | Killed an azure jelly
  1448 | D        | Killed an acid blob
  1449 | D        | Killed an azure jelly
  1455 | D        | Killed an azure jelly
  1457 | D        | Found a transporter.
  1486 | D        | Entered arena 23.
  1492 | D        | Noticed a lich
  1500 | D        | Killed a lich
  1500 | D        | Reached skill level 27 in Fighting
  1509 | D        | Found a transporter.
  1537 | D        | Entered arena 24.
  1543 | D        | Noticed a deep elf blademaster
  1543 | D        | Noticed a deep elf blademaster
  1543 | D        | Noticed a deep elf blademaster
  1543 | D        | Noticed a deep elf master archer
  1543 | D        | Noticed a deep elf master archer
  1543 | D        | Noticed a deep elf master archer
  1544 | D        | Noticed a deep elf blademaster
  1544 | D        | Noticed a deep elf blademaster
  1544 | D        | Identified the +3 acid dragon scales "Vatib" {rC- rCorr
                  | Str-3 Slay+5 SInv}
  1545 | D        | Identified the ring of Juas {rCorr rElec Dex+2}
  1547 | D        | Reached XP level 17. HP: 138/139 MP: 31/31
  1548 | D        | Reached skill level 27 in Armour
  1557 | D        | Killed a deep elf blademaster
  1558 | D        | Killed a deep elf master archer
  1560 | D        | Killed a deep elf blademaster
  1560 | D        | Killed a deep elf master archer
  1562 | D        | Reached skill level 1 in Dodging
  1562 | D        | Killed a deep elf blademaster
  1564 | D        | Reached skill level 5 in Dodging
  1564 | D        | Killed a deep elf master archer
  1567 | D        | Killed a deep elf blademaster
  1567 | D        | Killed a deep elf blademaster
  1569 | D        | Found a transporter.
  1587 | D        | Entered arena 25.
  1594 | D        | Noticed a kraken
  1594 | D        | Noticed a kraken
  1595 | D        | Noticed a kraken
  1596 | D        | Identified the cursed +1 hand crossbow "Guoduses" {venom,
                  | +Inv rF++}
  1596 | D        | Noticed a kraken
  1597 | D        | Found the +2 pair of boots of the Assassin {Detection Stab+
                  | Stlth++}
  1599 | D        | Identified the +3 trident of Tuhuucek {flame, +Blink SInv}
  1600 | D        | Reached skill level 1 in Evocations
  1600 | D        | Killed a kraken
  1600 | D        | Identified the +2 quarterstaff "Qakhod" {holy, Fragile
                  | rPois rC+ Dex+3}
  1611 | D        | Reached skill level 5 in Evocations
  1618 | D        | Reached XP level 18. HP: 145/145 MP: 29/32
  1618 | D        | Reached skill level 10 in Dodging
  1619 | D        | Reached skill level 10 in Evocations
  1621 | D        | Found a transporter.
  1653 | D        | Entered arena 26.
  1664 | D        | Noticed a tentacled monstrosity
  1664 | D        | Noticed an Orb Guardian
  1664 | D        | Noticed an Orb Guardian
  1664 | D        | Noticed a tentacled monstrosity
  1664 | D        | Noticed an Orb Guardian
  1664 | D        | Noticed an Orb Guardian
  1664 | D        | Noticed a quicksilver dragon
  1664 | D        | Noticed an Orb Guardian
  1664 | D        | Noticed a golden dragon
  1664 | D        | Noticed a golden dragon
  1664 | D        | Noticed an Orb Guardian
  1664 | D        | Noticed an Orb Guardian
  1665 | D        | Noticed a Killer Klown
  1665 | D        | Noticed an Orb Guardian
  1665 | D        | Noticed a tentacled monstrosity
  1665 | D        | Noticed a curse toe
  1665 | D        | Noticed an Orb Guardian
  1665 | D        | Identified the amulet of the Eagle {Reflect +Blink MR-
                  | Int+8 Dex-4 SH+2}
  1665 | D        | Noticed an Orb Guardian
  1665 | D        | Noticed an Orb Guardian
  1665 | D        | Noticed an Orb Guardian
  1665 | D        | Identified the +7 rapier of Ujuef {drain, Dex+3}
  1666 | D        | Identified the +7 scimitar of Interdependent Arising
                  | {slice, Int+2 Dex+7}
  1666 | D        | Identified the +5 flail of Ulixoit {crush, rC- Dex+5}
  1666 | D        | Noticed an Orb Guardian
  1666 | D        | Identified the cursed +0 buckler of Uhax {+Inv rPois Int+2}
  1666 | D        | Noticed an Orb Guardian
  1667 | D        | Identified a ring of the Octopus King {rC+ AC+1 EV+1 Str+1
                  | Int+1 Dex+1}
  1667 | D        | Noticed an Orb Guardian
  1670 | D        | Killed an Orb Guardian
  1679 | D        | Killed an Orb Guardian
  1681 | D        | Killed an Orb Guardian
  1681 | D        | Killed an Orb Guardian
  1681 | D        | Killed an Orb Guardian
  1681 | D        | Killed an Orb Guardian
  1683 | D        | Killed a curse toe
  1683 | D        | Killed an Orb Guardian
  1683 | D        | Killed an Orb Guardian
  1683 | D        | Reached skill level 27 in Long Blades
  1683 | D        | Killed a golden dragon
  1683 | D        | Reached skill level 15 in Dodging
  1683 | D        | Killed an Orb Guardian
  1683 | D        | Killed an Orb Guardian
  1683 | D        | Killed an Orb Guardian
  1683 | D        | Reached XP level 19. HP: 151/151 MP: 33/33
  1683 | D        | Killed a golden dragon
  1684 | D        | Reached skill level 27 in Shields
  1684 | D        | Killed a tentacled monstrosity
  1686 | D        | Killed a tentacled monstrosity
  1687 | D        | Killed a tentacled monstrosity
  1689 | D        | Killed a Killer Klown
  1691 | D        | Found a transporter.
  1722 | D        | Entered arena 27.
  1746 | D        | Reached XP level 20. HP: 157/157 MP: 34/34
  1748 | D        | Found a transporter.
  1750 | D        | Reached skill level 27 in Dodging
  1750 | D        | Reached skill level 1 in Spellcasting
  1750 | D        | Reached skill level 5 in Stealth
  1751 | D        | Reached skill level 5 in Throwing
  1751 | D        | Reached skill level 5 in Unarmed Combat
  1751 | D        | Reached skill level 5 in Spellcasting
  1751 | D        | Reached skill level 10 in Stealth
  1758 | D        | Reached skill level 10 in Throwing
  1773 | D        | Entered arena 28.
  1782 | D        | Found the ring of the Octopus King {rF+ AC+1 EV+1 Str+1
                  | Int+1 Dex+1}
  1784 | D        | Found the +5 demon whip "Spellbinder" {antimagic, MR+}
  1791 | D        | Found the +6 arbalest "Damnation" {damnation}
  1792 | D        | Reached skill level 15 in Stealth
  1793 | D        | Reached skill level 10 in Unarmed Combat
  1794 | D        | Reached skill level 15 in Evocations
  1794 | D        | Reached skill level 10 in Spellcasting
  1797 | D        | Reached XP level 21. HP: 163/163 MP: 36/36
  1801 | D        | Found the +9 staff of Wucad Mu {channel}
  1801 | D        | Found a transporter.
  1862 | D        | Got the Orb of Zot
  1893 | D        | Escaped with the Orb!

Skill      XL: |  1  2  3  4  5  6  7  8  9 10 11 12 13 14 15 16 17 18 19 20 21 |
---------------+----------------------------------------------------------------+-----
Fighting       | 8 10 11 12 13 15 16 18 20 24 27 | 27.0
Long Blades    | 5 7 8 9 10 12 13 15 16 20 25 27 | 27.0
Armour         | 5 6 7 8 9 10 11 13 15 16 19 23 26 27 | 27.0
Shields        | 5 6 7 8 9 10 11 13 15 18 21 25 27 | 27.0
Invocations    | 6 9 12 14 16 19 21 23 | 23.8
Dodging        | 9 16 25 27 | 27.0
Evocations     | 8 12 15 16 | 16.1
Throwing       | 13 | 13.4
Stealth        | 16 17 | 17.2
Unarmed Combat | 12 | 12.3
Spellcasting   | 11 | 11.4

Action                   |  1- 3 |  4- 6 |  7- 9 | 10-12 | 13-15 | 16-18 | 19-21 || total
-------------------------+-------+-------+-------+-------+-------+-------+-------++-------
Melee: Double sword      |    11 |     3 |    41 |    90 |   116 |   136 |    41 ||   438
Invok: Greater Servant o |       |       |       |     1 |       |       |       ||     1
       Major Destruction |       |       |       |       |     1 |     3 |       ||     4
 Abil: Fly               |       |       |       |       |       |     1 |       ||     1
       Evoke Invisibilit |       |       |       |       |       |     1 |     2 ||     3
  Use: Potion            |     1 |       |     5 |     6 |     9 |     2 |       ||    23
       Scroll            |       |       |       |     1 |       |       |       ||     1
 Stab: Invisible         |       |       |     1 |     4 |       |     1 |       ||     6
  Eat: Ration            |       |       |       |       |     1 |     1 |       ||     2
Armor: Plate armour      |     5 |       |    62 |    61 |   135 |   230 |    50 ||   543
Dodge: Dodged            |       |       |     5 |    11 |    20 |    44 |    23 ||   103
Block: Shield            |    18 |     2 |    84 |   156 |   290 |   404 |    88 ||  1042
       Reflection        |       |       |       |     1 |       |       |       ||     1
       Rpst.: Double sword |       |       |       |     3 |     8 |     5 |     2 ||    18
